 Dungeon Crawl Stone Soup version 0.27-a0-1196-g3e9cee4cb2 (webtiles) character file.

Game seed: 12011870019602195740

158 wakim the Magician (level 5, -6/40 HPs)
             Began as a Djinni Conjurer on May 28, 2021.
             Mangled by an ogre
             ... wielding a +0 giant spiked club
              (28 damage)
             ... on level 4 of the Dungeon.
             The game lasted 00:06:31 (4002 turns).

wakim the Magician (Djinni Conjurer)                Turns: 4002, Time: 00:06:31

Health: -6/40      AC:  2    Str:  6    XL:     5   Next: 67%
Gold:   223        EV: 12    Int: 21    God:
                   SH:  0    Dex: 11

rFire    + + .     SeeInvis +   a - +2 dagger (speed)
rCold    x . .     Faith    .   (no shield)
rNeg     . . .     Spirit   .   b - +0 robe
rPois    ∞         Reflect  .   (no helmet)
rElec    .         Harm     .   (no cloak)
rCorr    .         Rampage  .   (no gloves)
Will     .....     NoTele   +   (boots unavailable)
Stlth    ++........             (no amulet)
HPRegen  0.13/turn              d - ring of see invisible
MPRegen  0.00/turn              (no ring)

@: immobile, flying, very slightly contaminated
A: sickness immunity, fire resistance 2, cold vulnerability 1, float, innate
caster, hp casting, extra vitality 1
a: no special abilities


You were on level 4 of the Dungeon.
You visited 1 branch of the dungeon, and saw 4 of its levels.

You collected 223 gold pieces.

Inventory:

Hand Weapons
 a - a +2 dagger of speed (weapon)
Armour
 b - a +0 robe (worn)
 f - a +0 kite shield
Jewellery
 d - a ring of see invisible (left hand)
Scrolls
 r - 2 scrolls of identify
 T - a scroll of teleportation
Potions
 c - a potion of lignification {unknown}
 e - a potion of flight {unknown}


   Skills:
 * Level 3.3 Fighting
 - Level 2.1 Dodging
 - Level 1.5 Stealth
 * Level 4.2 Spellcasting


You couldn't memorise any spells.
You knew the following spells:

 Your Spells              Type           Power      Damage    Failure   Level
a - Magic Dart            Conj           88%        1d7       1%          1
b - Dazzling Flash        Conj/Hex       44%        N/A       6%          3
c - Pain                  Necr           88%        1d8       1%          1
d - Ensorcelled Hibernat  Hex/Ice        44%        N/A       3%          2
s - Searing Ray           Conj           44%        3d4       3%          2
x - Iskenderun's Mystic   Conj/Tloc      22%        2d6       21%         4
z - Fulminant Prism       Conj/Hex       11%        3d9       21%         4
Your spell library was empty.

Dungeon Overview and Level Annotations

Branches:
Dungeon (4/15)
 Temple: D:4-7

Altars:
Sif Muna
The Shining One

Shops:
D:3 !


Innate Abilities, Weirdness & Mutations

You are immune to sickness and miasma.
You are immune to poison.
Your flesh is very heat resistant. (rF++)
You are vulnerable to cold. (rC-)
You float through the air rather than walking.
You learn spells naturally, not from books.
Your magical power is your life essence.
You have superior vitality. (+4 HP)


Message History

(Press . to maintain the ray.)
The searing ray hits the jackal!
You kill the jackal!
An ogre comes into view. It is wielding a +0 giant spiked club.
A jackal comes into view.
The jackal barks!
The jackal stops to sniff the ground.
A kobold comes into view. It is wielding a +0 short sword.
There is a stone staircase leading up here.
Casting: Searing Ray (safe; 3% risk of failure)
Confirm with . or Enter, or press ? or * to list all spells.
Aiming: Searing Ray (safe; 3% risk of failure)
Press: ? - help, Shift-Dir - straight line, f - jackal
Aim: a jackal (72% to hit)
The searing ray hits the jackal!
You kill the jackal! (Press . to maintain the ray.)
The searing ray hits the ogre!
The ogre is moderately wounded.
Casting: Searing Ray (safe; 3% risk of failure)
Confirm with . or Enter, or press ? or * to list all spells.
The spell is quite dangerous to cast (21% risk of failure)!
Continue anyway? [Y]es or [N]o only, please.
The spell is quite dangerous to cast (21% risk of failure)!
Continue anyway?
Okay, then.
Casting: Iskenderun's Mystic Blast (quite dangerous; 21% risk of failure)
Confirm with . or Enter, or press ? or * to list all spells.
The spell is quite dangerous to cast (21% risk of failure)!
Continue anyway?
You miscast Iskenderun's Mystic Blast.
You are very lightly contaminated with residual magic.
Strange energies run through your body.
You are magically locked in place.
Casting: Iskenderun's Mystic Blast (quite dangerous; 21% risk of failure)
Confirm with . or Enter, or press ? or * to list all spells.
The spell is quite dangerous to cast (21% risk of failure)!
Continue anyway?
You erupt in a blast of force!
The mystic blast hits the ogre.
The ogre is heavily wounded.
You hear a shout!
The ogre hits you with a +0 giant spiked club!!
Ouch! That really hurt!
You die...

####. ## . ..#. ..
.. #.#.#.#
...#..... .........
...)....# #
........########.#
#...)@O.......
^.....##...††.####.
..... ###.........
.... #...##....K
... ....)... ....
.. ......).#.. ...
. ....##..#.## ....
.... # ... .#.#


You could see an ogre.

Vanquished Creatures
  3 gnolls (D:3)
  5 adders
  A shadow imp (D:3)
  3 bats
  5 endoplasms
  5 giant cockroaches
  10 goblins
  5 hobgoblins
  10 jackals
  3 quokkas
  5 ball pythons
  3 frilled lizards
  8 kobolds
  5 rats
71 creatures vanquished.

Vanquished Creatures (others)
  3 fungi (D:3)
  3 toadstools (D:3)
6 creatures vanquished.

Grand Total: 77 creatures vanquished

Notes
Turn   | Place    | Note
-------+----------+-------------------------------------------
     0 | D:1      | wakim the Djinni Conjurer began the quest for the Orb.
     0 | D:1      | Reached XP level 1. HP: 15/15 MP: 0/0
   210 | D:1      | Reached XP level 2. HP: 19/22 MP: 0/0
   248 | D:1      | Reached skill level 1 in Fighting
   774 | D:1      | Reached XP level 3. HP: 24/27 MP: 0/0
   774 | D:1      | Learned a level 1 spell: Pain
  1802 | D:2      | Reached XP level 4. HP: 30/33 MP: 0/0
  2489 | D:2      | Reached skill level 4 in Spellcasting
  2543 | D:3      | Reached XP level 5. HP: 35/40 MP: 0/0
  2543 | D:3      | Learned a level 2 spell: Ensorcelled Hibernation
  2690 | D:3      | Identified the Tome of Weightlessness
  3227 | D:3      | Found a glowing golden altar of the Shining One.
  3658 | D:3      | Found a faded altar of an unknown god.
  3845 | D:3      | Found Ukov's Distillery.
  3994 | D:4      | Noticed an ogre
  4002 | D:4      | Mangled by an ogre

Illustrated notes

Levels and vault maps discovered:
D:1:      amcnicky_arrival_double_pillar, layout_basic, minmay_vboxes
D:2:      minmay_diamond_boxcup, layout_loops_ring, kennysheep_nondescript,
          kennysheep_generic_room_8
D:3:      layout_basic, old_standard_altar, nicolae_sif_muna_condensation,
          serial_shops, nicolae_shop_crystal, ebering_ecumenical_altar_webs,
          hangedman_decor_riveting, minmay_misc_feat_doors,
          kennysheep_cluttered_room, minmay_gold_behind_fungi, hex_large,
          minmay_misc_feat_tower, minmay_misc_feat_square
D:4:      layout_rooms, minmay_temple_entry_nine_rooms, serial_park_tiny_pond,
          uniq_ijyb, uniq_blork_the_orc, uniq_grinder

Skill      XL: |  1  2  3  4  5 |
---------------+----------------+-----
Fighting       | 1 2 3 |  3.3
Spellcasting   | 4 |  4.2
Dodging        | |  2.1
Stealth        | |  1.5

Action                   |  1- 3 |  4- 6 || total
-------------------------+-------+-------++-------
 Cast: Magic Dart        |    46 |    19 ||    65
       Searing Ray       |     7 |    21 ||    28
       Iskenderun's Myst |       |     1 ||     1
  Use: Scroll            |     3 |     1 ||     4
Armor: Robe              |     3 |       ||     3
Dodge: Dodged            |     4 |     6 ||    10

Table legend: (Time is in decaauts)
 A = Elapsed time spent in this place.
 B = Non-inter-level travel time spent in this place.
 C = Inter-level travel time spent in this place.
 D = Time resting spent in this place.
 E = Time spent auto-exploring this place.
 F = Levels seen in this place.
 G = Mean time per level.
                   A        B        C        D        E       F      G
               +--------+--------+--------+--------+--------+-----+--------+
         Total |   4000 |   3958 |     42 |      0 |   3704 |   4 | 1000.0 |
       Dungeon |   4000 |   3958 |     42 |      0 |   3704 |   4 | 1000.0 |
               +--------+--------+--------+--------+--------+-----+--------+

Top non-repeatable levels by time:
     D:1: 1347 daAuts
     D:3: 1343 daAuts
     D:2: 1170 daAuts
     D:4: 138 daAuts
